 Dungeon Crawl Stone Soup version 0.30.1-11-g7821555f0a (webtiles) character file.

Game seed: 4282740366338631615

77 Okkudo the Chopper (level 4, -4/41 HPs)
             Began as a Hill Orc Monk on Nov 28, 2023.
             Killed from afar by an orc wizard (9 damage)
             ... with a puff of flame
             ... on level 3 of the Dungeon.
             The game lasted 00:05:30 (1427 turns).

Okkudo the Chopper (Hill Orc Monk)                  Turns: 1427, Time: 00:05:31

Health: -4/41      AC:  5    Str: 21    XL:     4   Next: 34%
Magic:  4/4        EV: 12    Int: 10    God:
Gold:   62         SH:  0    Dex: 13    Spells: 3/3 levels left

rFire   . . .        a - +0 hand axe
rCold   . . .        d - orb {light}
rNeg    . . .        n - +0 ring mail
rPois   .            (no helmet)
rElec   .            (no cloak)
rCorr   .            (no gloves)
SInv    .            (no boots)
Will    .....        (no amulet)
Stlth   +            l - +6 ring of strength
HPRegen 0.26/turn    (no ring)
MPRegen 0.09/turn

%: no passive effects
@: glowing
A: no striking features
a: no special abilities


You were on level 3 of the Dungeon.
You visited 1 branch of the dungeon, and saw 3 of its levels.

You collected 62 gold pieces.

Inventory:

Hand Weapons
 a - a +0 hand axe (weapon)
Missiles
 g - 5 poisoned darts (quivered)
Armour
 b - the +0 pair of gloves of Daffodils {Drain Fly rN++ Dex+2}
   (You found it on level 2 of the Dungeon)

   Dex:       It affects your dexterity (+2).
   rN:        It greatly protects you from negative energy.
   Fly:       It grants you flight.
   Drain:     It drains your maximum health when unequipped.
 d - an orb of light (worn)
 n - a +0 ring mail (worn)
Jewellery
 l - a +6 ring of strength (left hand)
 o - a ring of poison resistance
Scrolls
 i - 3 scrolls of identify {unknown}
 j - a scroll of teleportation {unknown}
 k - a scroll of fog {unknown}
 p - a scroll of immolation {unknown}
 q - a scroll of blinking {unknown}
Potions
 c - a potion of ambrosia
 e - 3 potions of curing {unknown}
 f - a potion of lignification {unknown}
 h - a potion of berserk rage {unknown}
 m - a potion of degeneration {unknown}


   Skills:
 + Level 4.5 Fighting
 + Level 5.1 Axes
 + Level 3.1 Dodging


You had 3 spell levels left.
You didn't know any spells.
Your spell library contained the following spells:

 Spells                   Type           Power      Damage    Failure   Level
 Blink                    Tloc           0%         N/A       67%         2
 Sublimation of Blood     Necr           0%         N/A       67%         2
 Wereblood                Tmut           0%         N/A       67%         2
 Portal Projectile        Hex/Tloc       0%         N/A       88%         3
 Tukima's Dance           Hex            0%         N/A       88%         3
 Manifold Assault         Tloc           0%         N/A       99%         4
 Blade Hands              Tmut           0%         N/A       100%        5
 Storm Form               Tmut/Air       0%         N/A       100%        7
 Summon Hydra             Summ           0%         N/A       100%        7


Dungeon Overview and Level Annotations

Branches:
Dungeon (3/15)

Altars:

Shops:
D:1 =


Message History

You barely miss the orc wizard.
The orc wizard is severely wounded.
You hit the hobgoblin.
The orc wizard points at you and mumbles some strange words.
You are confused.
The hobgoblin barely misses you.
You bump into the rock wall.
The orc wizard hits you but does no damage.
The hobgoblin closely misses you.
You bump into the rock wall.
The hobgoblin misses you. The orc wizard misses you.
You're too confused to move!
The orc wizard hits you but does no damage.
The hobgoblin closely misses you.
You bump into the rock wall.
The orc wizard casts a spell at you. The magic dart hits you!
* * * LOW HITPOINT WARNING * * *
The hobgoblin hits you.
* * * LOW HITPOINT WARNING * * *
You slash the hobgoblin!
You kill the hobgoblin!
You closely miss the orc wizard.
You feel less confused.
The orc wizard hits you with a +0 dagger.
* * * LOW HITPOINT WARNING * * *
You barely miss the orc wizard.
The orc wizard is severely wounded.
The orc wizard barely misses you. The orc wizard closely misses you.
You barely miss the orc wizard.
The orc wizard is severely wounded.
The orc wizard hits you but does no damage.
You hit the orc wizard but do no damage.
The orc wizard is severely wounded.
The orc wizard barely misses you.
You hit the orc wizard.
The orc wizard is severely wounded.
The orc wizard casts a spell at you. The puff of flame hits you!
You die...

##.###...........#
#................#
##...............#
##..♣..#..........#
#.................####
#.....♣...##..........
#..<......##..........
#.....♣..###.))o......
#.......## ###@###...#
##..♣.....# #.# ..#
##.......# #.# .#
.........# #.# .
#######...# ... ...#
... ... ≈...≈


You could see an orc wizard (invisible).

Vanquished Creatures
  An adder (D:2)
  2 worms (D:2)
  2 dart slugs (D:1)
  5 orcs
  4 ball pythons
  3 bats (D:1)
  A bat zombie (D:3)
  7 endoplasms
  2 giant cockroaches (D:1)
  3 goblins
  2 hobgoblins
  2 jackals (D:1)
  2 quokkas
  A frilled lizard (D:2)
  6 kobolds
  5 rats
  A rat zombie (D:3)
49 creatures vanquished.

Notes
Turn   | Place    | Note
-------+----------+-------------------------------------------
     0 | D:1      | Okkudo the Hill Orc Monk began the quest for the Orb.
     0 | D:1      | Reached XP level 1. HP: 19/19 MP: 1/1
   155 | D:1      | Reached XP level 2. HP: 20/27 MP: 2/2
   258 | D:1      | Found Ephicoh's Jewellery Boutique.
   277 | D:1      | Reached XP level 3. HP: 31/33 MP: 3/3
   602 | D:1      | You fall into a shaft and drop 1 floor!
   740 | D:2      | Identified the +0 pair of gloves of Daffodils {Drain Fly
                  | rN++ Dex+2}
  1047 | D:2      | Reached XP level 4. HP: 28/41 MP: 4/4
  1224 | D:2      | Reached skill level 5 in Axes
  1427 | D:3      | Killed from afar by an orc wizard

Illustrated notes

Levels and vault maps discovered:
D:1:      spicycebolla_arrival_ecumenical, layout_basic, serial_shops, shop,
          chequers_serial_rivers_marsh, grunt_decor_cap
D:2:      layout_basic
D:3:      layout_basic, general_overflow_altar, cheibriados_altar_1,
          lemuel_zombie_altar_kikubaaqudgha, serial_shops,
          nicolae_shop_overgrown_old_shop, gammafunk_ghost_smash,
          nrook_loot_triangle, grunt_ministairs_9

Skill      XL: |  1  2  3  4 |
---------------+-------------+-----
Fighting       | 4 |  4.5
Dodging        | 3 |  3.1
Axes           | 5 |  5.1

Action                     |  1- 3 |  4- 6 || total
---------------------------+-------+-------++-------
  Melee: Hand axe          |    89 |    33 ||   122
 Armour: Robe              |    15 |       ||    15
         Ring mail         |     4 |    20 ||    24
  Dodge: Dodged            |    66 |    48 ||   114
